 Dungeon Crawl Stone Soup version 0.29.1-2-gbd0b4ee654 (webtiles) character file.

Game seed: 8472737675697632491

417 cdecastro the Geomancer (level 6, -2/32 HPs)
             Began as a Gargoyle Earth Elementalist on Oct 28, 2022.
             Slain by an orc
             ... wielding a +1 whip of venom
              (3 damage)
             ... on level 5 of the Dungeon.
             The game lasted 00:07:54 (3571 turns).

cdecastro the Geomancer (GrEE)                      Turns: 3571, Time: 00:07:55

Health: -2/32      AC:  9    Str: 12    XL:     6   Next: 93%
Magic:  7/9        EV: 11    Int: 17    God:
Gold:   127        SH:  0    Dex: 10    Spells: 3/9 levels left

rFire   . . .      SeeInvis +   v - +0 dagger (venom)
rCold   . . .      Faith    .   (no shield)
rNeg    + + .      Spirit   .   w - +2 robe {rN+}
rPois   ∞          Reflect  .   q - +0 helmet
rElec   +          Harm     .   (no cloak)
rCorr   .          Rampage  .   (no gloves)
Will    .....                   (no boots)
Stlth   ++........              (no amulet)
HPRegen 0.10/turn               i - ring of see invisible
MPRegen 0.11/turn               (no ring)

@: no status effects
A: sickness immunity, AC +4, negative energy resistance 1, electricity
resistance, torment resistance 1, petrification resistance
a: no special abilities


You were on level 5 of the Dungeon.
You visited 1 branch of the dungeon, and saw 5 of its levels.

You collected 127 gold pieces.

Inventory:

Hand Weapons
 g - a +0 spear
 m - a +4 sling
 v - a +0 dagger of venom (weapon)
Missiles
 j - 20 stones
 k - 2 atropa-tipped darts
Armour
 q - a +0 helmet (worn)
 w - a +2 robe of positive energy (worn)
Jewellery
 a - an amulet of faith
 i - a ring of see invisible (left hand)
 t - an amulet of faith
Wands
 u - a wand of quicksilver (5)
Scrolls
 d - a scroll of vulnerability {unknown}
 h - 4 scrolls of identify {unknown}
 n - 4 scrolls of fear {unknown}
 p - a scroll of enchant weapon {unknown}
 r - a scroll of teleportation {unknown}
 s - a scroll of magic mapping {unknown}
 x - a scroll of poison {unknown}
 y - 2 scrolls of immolation {unknown}
Potions
 b - 2 potions of magic
 c - a potion of mutation {unknown}
 e - a potion of curing {unknown}
 f - 2 potions of heal wounds {unknown}
 l - a potion of invisibility {unknown}
 o - a potion of attraction {unknown}


   Skills:
 - Level 1.5 Dodging
 - Level 2.1 Stealth
 - Level 2.0 Spellcasting
 - Level 0.7 Transmutations
 + Level 9.1 Earth Magic


You had 3 spell levels left.
You knew the following spells:

 Your Spells              Type           Power      Damage    Failure   Level
a - Sandblast             Erth           64%        2d14      1%          1
b - Passwall              Tmut/Erth      15%        N/A       3%          2
c - Stone Arrow           Conj/Erth      34%        3d9       9%          3

Your spell library contained the following spells:

 Spells                   Type           Power      Damage    Failure   Level
 Blink                    Tloc           2%         N/A       28%         2
 Lesser Beckoning         Tloc           1%         N/A       50%         3
 Petrify                  Tmut/Erth      18%        N/A       26%         4
 Manifold Assault         Tloc           1%         N/A       99%         5


Dungeon Overview and Level Annotations

Branches:
Dungeon (5/15)
 Temple: D:4-7

Altars:

Shops:
D:3 [

Annotations:
D:2 vault need dig, 1 runed translucent door, Crazy Yiuf


Innate Abilities, Weirdness & Mutations

You are immune to sickness and miasma.
Your stone body is resilient. (AC +4)
You are immune to poison.
You resist negative energy. (rN+)
You are resistant to electric shocks. (rElec)
You are resistant to unholy torment.
You are immune to petrification.


Message History

The wight hits you with a +0 great sword!
The dart slug launches a dart at you. The slug dart misses you.
The wight hits you with a +0 great sword!
Ouch! That really hurt!
* * * LOW HITPOINT WARNING * * *
The orc closely misses you.
There is a stone staircase leading down here.
The dart slug launches a dart at you. The slug dart misses you.
The orc misses you. The wight hits you but does no damage.
You climb downwards.
There is a stone staircase leading up here.
Unknown command.
Casting: Sandblast (safe; 1% risk of failure)
Confirm with . or Enter, or press ? or * to list all spells.
Aiming: Sandblast (safe; 1% risk of failure)
Press: ? - help, Shift-Dir - straight line, f - wight
Aim: a wight, wielding a +0 great sword and wearing a +0 robe (84% to hit)
The blast of sand hits the wight but does no damage.
The wight closely misses you.
The orc hits you with a +1 whip of venom.
* * * LOW HITPOINT WARNING * * *
Casting: Sandblast (safe; 1% risk of failure)
Confirm with . or Enter, or press ? or * to list all spells.
Aiming: Sandblast (safe; 1% risk of failure)
Press: ? - help, Shift-Dir - straight line, f/p - wight
Aim: a wight, wielding a +0 great sword and wearing a +0 robe (84% to hit)
Okay, then.
Unknown command.
Okay, then.
Unknown command.
Casting: Sandblast (safe; 1% risk of failure)
Confirm with . or Enter, or press ? or * to list all spells.
Aiming: Sandblast (safe; 1% risk of failure)
Press: ? - help, Shift-Dir - straight line, f/p - wight
Aim: a wight, wielding a +0 great sword and wearing a +0 robe (84% to hit)
The blast of sand hits the wight but does no damage.
The orc hits you with a +1 whip of venom.
You die...

#.... #....
#.... #....
#...[
#....#####...
#...........#
#...).###
#.....#@#
###...zo#
####.....####.##
................
###......#######
#.......# ...
###.#.....#
#....
#...#....##
#....##.###...##


You could see a wight and an orc.

Vanquished Creatures
  A necrophage (D:5)
  A scorpion (D:5)
  2 wights (D:5)
  An orc wizard (D:3)
  Natasha (twice) (D:2)
  Robin (D:2)
  3 adders
  2 dart slugs
  3 orcs
  4 ball pythons
  2 bats
  7 endoplasms
  2 giant cockroaches
  8 hobgoblins
  6 quokkas
  2 frilled lizards (D:1)
  17 goblins
  5 kobolds
  5 rats
74 creatures vanquished.

Vanquished Creatures (others)
  12 fungi
12 creatures vanquished.

Grand Total: 86 creatures vanquished

Notes
Turn   | Place    | Note
-------+----------+-------------------------------------------
     0 | D:1      | cdecastro the Gargoyle Earth Elementalist began the quest
                  | for the Orb.
     0 | D:1      | Reached XP level 1. HP: 10/10 MP: 3/3
    75 | D:1      | Found a faded altar of an unknown god.
   118 | D:1      | Reached skill level 4 in Earth Magic
   225 | D:1      | Reached XP level 2. HP: 15/15 MP: 3/5
   708 | D:1      | Reached XP level 3. HP: 19/19 MP: 4/6
   754 | D:1      | Reached skill level 5 in Earth Magic
  1198 | D:2      | Noticed Robin
  1694 | D:2      | Reached XP level 4. HP: 24/24 MP: 5/7
  1697 | D:2      | Learned a level 2 spell: Passwall
  1701 | D:2      | Learned a level 3 spell: Stone Arrow
  1768 | D:2      | Killed Robin
  1769 | D:2      | Reached skill level 6 in Earth Magic
  1928 | D:2      | Noticed Natasha
  1932 | D:2      | Killed Natasha
  2144 | D:2      | Found a runed translucent door.
  2145 | D:2      | Noticed Crazy Yiuf
  2200 | D:2      | Reached XP level 5. HP: 28/28 MP: 5/8
  2330 | D:2      | Noticed Natasha
  2335 | D:2      | Killed Natasha
  2336 | D:2      | Reached skill level 7 in Earth Magic
  2585 | D:3      | Found Zecs's Antique Armour Emporium.
  2752 | D:3      | HP: 1/28 [orc/+0 morningstar (7)]
  3131 | D:3      | You fall into a shaft and drop 2 floors!
  3131 | D:5      | Entered Level 5 of the Dungeon
  3167 | D:5      | Reached skill level 8 in Earth Magic
  3167 | D:5      | Reached XP level 6. HP: 30/32 MP: 4/9
  3540 | D:5      | Reached skill level 9 in Earth Magic
  3570 | D:5      | HP: 1/32 [orc/+1 whip of venom (3)]
  3571 | D:5      | Slain by an orc

Illustrated notes

Levels and vault maps discovered:
D:1:      lemuel_arrival_hallway, layout_loops_ring,
          hellmonk_ecumenical_altar_pennies_from_heaven, minmay_surrounded
D:2:      layout_basic, serial_forest, infiniplex_forest_straight_4,
          infiniplex_forest_lined_1, infiniplex_forest_clump_double,
          infiniplex_forest_straight_3, infiniplex_forest_lined_room_,
          infiniplex_forest_zigzag_1, infiniplex_forest_lined_room_2,
          infiniplex_forest_straight_2, chequers_serial_rivers_micro_e,
          due_unseen_surprise, uniq_crazy_yiuf_cottage, uniq_robin, uniq_natasha
D:3:      layout_basic, serial_shops, nicolae_diamond_shop, saegor_snake_ambush
D:4:      layout_rooms, amcnicky_altar_gilded, uniq_duvessa
D:5:      kennysheep_steamy, layout_basic, okawaru_metal_pillars_1_2,
          st_stairs_5, nicolae_wooded_promenade

Skill      XL: |  1  2  3  4  5  6 |
---------------+-------------------+-----
Earth Magic    | 4 5 6 8 9 |  9.1
Dodging        | |  1.5
Stealth        | |  2.1
Spellcasting   | |  2.0
Transmutations | |  0.7

Action                   |  1- 3 |  4- 6 || total
-------------------------+-------+-------++-------
Melee: Dagger            |       |     7 ||     7
       Spear             |       |     2 ||     2
       Sling             |       |     1 ||     1
 Fire: Sling             |     7 |     2 ||     9
 Cast: Sandblast         |    46 |    63 ||   109
Armor: Robe              |    13 |    21 ||    34
Dodge: Dodged            |    22 |    34 ||    56
